 Dungeon Crawl Stone Soup version 0.29-a0-1016-g236c7fd91e (webtiles) character file.

Game seed: 10476497563429264259

9347 snetch the Cleaver (level 11, -9/99 HPs)
             Began as a Minotaur Berserker on Aug 9, 2022.
             Was a High Priest of Trog.
             Mangled by Harold
             ... wielding a +1 glaive of distortion
              (13 damage)
             ... on level 11 of the Dungeon.
             The game lasted 00:37:56 (12093 turns).

snetch the Cleaver (Minotaur Berserker)            Turns: 12093, Time: 00:37:56

Health: -9/99      AC: 18    Str: 32      XL:     11   Next: 21%
Magic:  10/10      EV: 10    Int:  2 (4)  God:    Trog [*****.]
Gold:   156        SH:  4    Dex: 10      Spells: 10/10 levels left

rFire   . . .      SeeInvis +   a - +1 broad axe (freeze)
rCold   . . .      Faith    +   K - +0 buckler
rNeg    . . .      Spirit   .   R - +3 chain mail
rPois   .          Reflect  .   Z - +2 hat {Stlth+}
rElec   .          Harm     .   J - scarf {shadows}
rCorr   .          Rampage  .   (no gloves)
Will    ++...                   o - +0 pair of boots
Stlth   ..........              A - amulet of faith
HPRegen 1.26/turn               x - ring of see invisible
MPRegen 0.12/turn               O - +6 ring of strength

@: strong-willed, on berserk cooldown, regenerating, slowed, studying
Necromancy, very slow
A: horns 2, retaliatory headbutt
a: Renounce Religion, Berserk, Trog's Hand, Brothers in Arms


You were on level 11 of the Dungeon.
You worshipped Trog.
Trog was extremely pleased with you.
You visited 2 branches of the dungeon, and saw 12 of its levels.
You also visited: Sewer.

You collected 612 gold pieces.
You spent 456 gold pieces at shops.

Inventory:

Hand Weapons
 a - a +1 broad axe of freezing (weapon)
 b - a +0 flail of protection
 c - the +8 quarterstaff of Infection {freeze, Str+2 Dex+7}
   (You found it on level 6 of the Dungeon)

   It freezes those it strikes, dealing additional cold damage.
   It can also slow down cold-blooded creatures.
   Str:       It affects your strength (+2).
   Dex:       It affects your dexterity (+7).
Missiles
 e - 146 stones
 h - 30 poisoned darts (quivered)
 s - a curare-tipped dart
 U - 10 boomerangs
Armour
 o - a +0 pair of boots (worn)
 p - the +0 leather armour of the Postmodern Spines {rPois Dex+4 SInv}
   (You found it on level 3 of the Dungeon)

   Dex:       It affects your dexterity (+4).
   rPois:     It protects you from poison.
   SInv:      It lets you see invisible.
 J - a scarf of shadows (worn)
 K - a +0 buckler (worn)
 R - a +3 chain mail (worn)
 Z - a +2 hat of stealth (worn)
Jewellery
 x - a ring of see invisible (left hand)
 A - an amulet of faith (around neck)
 I - a ring of fire
 O - a +6 ring of strength (right hand)
Wands
 P - a wand of light (3)
 X - a wand of paralysis (6)
Scrolls
 d - 2 scrolls of vulnerability
 f - 6 scrolls of teleportation
 j - 4 scrolls of enchant armour
 n - 2 scrolls of blinking {unknown}
 q - 3 scrolls of brand weapon {unknown}
 w - 2 scrolls of magic mapping {unknown}
 y - 4 scrolls of identify {unknown}
 D - a scroll of enchant weapon {unknown}
 E - 3 scrolls of noise {unknown}
 N - a scroll of poison {unknown}
 S - 2 scrolls of amnesia {unknown}
 T - 3 scrolls of immolation {unknown}
Potions
 g - a potion of degeneration {unknown}
 i - 3 potions of attraction {unknown}
 k - a potion of resistance {unknown}
 l - a potion of berserk rage {unknown}
 r - 3 potions of brilliance
 t - 2 potions of haste {unknown}
 u - 2 potions of cancellation {unknown}
 v - 3 potions of magic {unknown}
 B - 2 potions of ambrosia {unknown}
 G - 4 potions of flight {unknown}
 H - a potion of heal wounds {unknown}
 M - a potion of lignification {unknown}
 Q - 3 potions of curing
 W - a potion of mutation {unknown}


   Skills:
 + Level 10.0 Fighting
 + Level 14.7 Axes
 + Level 1.3 Throwing
 + Level 11.0 Armour
 + Level 4.1 Dodging
 + Level 1.2 Stealth
 + Level 2.6 Shields


You had 10 spell levels left.
You didn't know any spells.
Your spell library contained the following spells:

 Spells                   Type           Power      Damage    Failure   Level
 Necrotise                Necr           0%         1d4       97%         1
 Shock                    Conj/Air       0%         1d3       97%         1
 Blink                    Tloc           0%         N/A       99%         2
 Call Canine Familiar     Summ           0%         N/A       100%        3
 Lesser Beckoning         Tloc           0%         N/A       100%        3
 Portal Projectile        Hex/Tloc       0%         N/A       100%        3
 Swiftness                Air            0%         N/A       100%        3
 Tukima's Dance           Hex            0%         N/A       100%        3
 Vampiric Draining        Necr           0%         2d6       100%        3
 Airstrike                Air            0%         2d(0-16)  100%        4
 Anguish                  Hex/Necr       0%         N/A       100%        4
 Cause Fear               Hex            0%         N/A       100%        4
 Leda's Liquefaction      Hex/Erth       0%         N/A       100%        4
 Agony                    Necr           0%         N/A       100%        5
 Blade Hands              Tmut           0%         N/A       100%        5
 Manifold Assault         Tloc           0%         N/A       100%        5
 Dragon Form              Tmut           0%         N/A       100%        7
 Enfeeble                 Hex            0%         N/A       100%        7
 Dragon's Call            Summ           0%         N/A       100%        9


Dungeon Overview and Level Annotations

Branches:
Dungeon (11/15)            Temple (1/1) D:7            Lair (0/5) D:9
  Sewer (visited)
    Orc: D:9-12

Altars:
Ashenzari
Cheibriados
Dithmenos
Elyvilon
Fedhas
Gozag
Hepliaklqana
Kikubaaqudgha
Makhleb
Nemelex Xobeh
Okawaru
Qazlal
Ru
Sif Muna
Trog
Uskayaw
Vehumet
Wu Jian
Xom
Yredelemnul
Zin
The Shining One

Shops:
D:1 *   D:6 *   D:8 =

Annotations:
D:11 Harold


Innate Abilities, Weirdness & Mutations

You have a pair of horns on your head.
You reflexively headbutt those who attack you in melee.


Message History

The white imp disappears in a puff of smoke!
The chaos spawn degenerates into a cloud of primal chaos!
The quasit disappears in a puff of smoke!
You slash the kobold demonologist! You freeze the kobold demonologist.
An orc zombie comes into view.
The kobold demonologist hits you but does no damage.
Harold hits you from afar with a +1 glaive of distortion!!
* * * LOW HITPOINT WARNING * * *
You blink.
Your Fighting skill increases to level 10!
Your Armour skill increases to level 11!
The gnoll sergeant hits you but does no damage.
Harold says, "Try to look on the bright side.
Your death will help put my children through school."
You feel a strong urge to attack something.
You are no longer berserk.
You are exhausted.
You feel as though you will be slow longer.
The kobold demonologist mumbles some strange words.
The kobold brigand is engulfed in seething chaos.
Harold hits you from afar with a +1 glaive of distortion.
* * * LOW HITPOINT WARNING * * *
Space warps around you.
* * * LOW HITPOINT WARNING * * *
The kobold brigand hits you but does no damage.
The kobold demonologist gestures wildly while chanting.
The gnoll sergeant hits you but does no damage.
You block the gnoll's attack. Harold gestures at you while chanting.
You barely resist.
Unknown command.
You closely miss the kobold brigand. You barely miss Harold.
You closely miss the quasit. You hit the gnoll sergeant.
You freeze the gnoll sergeant. You hit the gnoll. You freeze the gnoll.
The kobold brigand misses you.
The gnoll sergeant hits you but does no damage.
The gnoll hits you but does no damage.
Harold hits you with a +1 glaive of distortion.
* * * LOW HITPOINT WARNING * * *
Space warps horribly around you!
You die...

#...# #...# #...#
#####...#
#....Z..######
#.............
###...K....#####
###...(gK....#
......K3@g...#
###.5.>@5)...#
#.(.)......#
#.(.<........
.................
.................
.##########...###
...# ....


You could see Harold, a kobold demonologist, a sixfirhy (summoned), 2 kobold
brigands, a gnoll sergeant, a quasit (summoned), a gnoll, a crimson imp
(summoned) and an orc zombie.

Vanquished Creatures
  Gastronok (D:8)
  2 two-headed ogres (D:8)
  Pikel (D:5)
  The ghost of OstrichLN the Ruffian, a novice TrGl (D:5)
  2 kobold demonologists
  A troll (D:9)
  Grinder (D:6)
  Sigmund (D:2)
  A wraith (D:8)
  3 yaks (D:10)
  A wyvern (D:8)
  2 steam dragons
  Edmund (D:6)
  A water moccasin (D:7)
  2 orc warriors
  4 black bears
  3 ice beasts
  2 ogres
  3 wolves (D:9)
  A phantom (D:5)
  3 centaurs
  A bullfrog (D:6)
  3 kobold brigands
  2 gnoll sergeants
  A necrophage (D:4)
  4 scorpions
  4 wights (D:6)
  6 killer bees
  2 howler monkeys (D:6)
  3 electric eels (D:9)
  An iron imp (D:6)
  4 orc priests
  8 hounds
  3 iguanas
  8 orc wizards
  A statue (D:5)
  Robin (D:3)
  22 gnolls
  9 adders
  6 river rats
  3 white imps
  A worm (D:3)
  2 dart slugs (D:1)
  42 orcs
  3 bats
  5 endoplasms
  4 giant cockroaches
  15 goblins
  10 hobgoblins
  9 jackals
  15 kobolds
  4 quokkas
  17 ball pythons
  8 frilled lizards
  An orc zombie (D:11)
  13 rats
  A spectral orc (D:5)
279 creatures vanquished.

Vanquished Creatures (others)
  An orc priest (D:7)
  A kobold (D:11)
  39 plants
41 creatures vanquished.

Grand Total: 320 creatures vanquished

Notes
Turn   | Place    | Note
-------+----------+-------------------------------------------
     0 | D:1      | snetch the Minotaur Berserker began the quest for the Orb.
     0 | D:1      | Reached XP level 1. HP: 19/19 MP: 0/0
    59 | D:1      | Reached skill level 4 in Axes
    59 | D:1      | Reached XP level 2. HP: 27/27 MP: 1/1
   284 | D:1      | Reached XP level 3. HP: 15/34 MP: 2/2
   352 | D:2      | HP: 2/51 [constriction (1)]
   353 | D:2      | Reached ** piety under Trog
   744 | D:1      | Found Yfu Fail's Assorted Antiques.
  1133 | D:2      | Found a faded altar of an unknown god.
  1231 | D:3      | Noticed Robin
  1249 | D:3      | Killed Robin
  1250 | D:3      | Reached XP level 4. HP: 41/41 MP: 3/3
  1255 | D:3      | Reached skill level 5 in Axes
  1273 | D:3      | Noticed a scorpion
  1277 | D:3      | Killed a scorpion
  1317 | D:3      | Reached XP level 5. HP: 47/47 MP: 4/4
  1368 | D:3      | Identified the +9 short sword of the Crypt {pain, rCorr
                  | Stlth+}
  1429 | D:3      | Found an iron altar of Okawaru.
  1431 | D:3      | Found an ancient bone altar of Kikubaaqudgha.
  1431 | D:3      | Found a shimmering altar of Xom.
  1433 | D:3      | Found a shimmering altar of Xom.
  1433 | D:3      | Found a burning altar of Makhleb.
  1433 | D:3      | Found a radiant altar of Vehumet.
  1436 | D:3      | Identified the +0 leather armour of the Postmodern Spines
                  | {rPois Dex+4 SInv}
  1521 | D:3      | Found a glowing drain.
  1537 | Sewer    | Entered a sewer
  1552 | Sewer    | Reached skill level 5 in Fighting
  1552 | Sewer    | Reached *** piety under Trog
  1749 | Sewer    | Reached skill level 6 in Axes
  1791 | Sewer    | Reached XP level 6. HP: 38/56 MP: 5/5
  2648 | D:2      | Noticed Sigmund
  2657 | D:2      | Killed Sigmund
  2658 | D:2      | Reached skill level 7 in Axes
  2658 | D:2      | Reached XP level 7. HP: 62/62 MP: 6/6
  3253 | D:3      | Found a hide-covered altar of Uskayaw.
  3553 | D:4      | Reached skill level 1 in Throwing
  3576 | D:5      | Entered Level 5 of the Dungeon
  3741 | D:3      | Found an opulent altar of Gozag.
  3943 | D:4      | Reached **** piety under Trog
  4206 | D:4      | Reached skill level 8 in Axes
  4602 | D:1      | Bought a glowing broad axe for 189 gold pieces
  4712 | D:5      | Reached skill level 5 in Armour
  4761 | D:5      | Found a runed translucent door.
  4762 | D:5      | Noticed OstrichLN's ghost (novice TrGl)
  4793 | D:5      | Found a bloodstained altar of Trog.
  4802 | D:5      | Reached XP level 8. HP: 45/71 MP: 7/7
  4977 | D:5      | Reached skill level 9 in Axes
  4983 | D:5      | Reached skill level 1 in Stealth
  4989 | D:5      | Found a blossoming altar of Fedhas.
  5200 | D:5      | Noticed Pikel
  5209 | D:5      | Killed Pikel
  5210 | D:5      | Reached skill level 10 in Axes
  5481 | D:6      | Found a glowing golden altar of the Shining One.
  5584 | D:6      | Noticed Grinder
  5588 | D:6      | Paralysed by Grinder for 5 turns
  5605 | D:6      | Killed Grinder
  5606 | D:6      | Reached XP level 9. HP: 48/81 MP: 8/8
  5638 | D:5      | Found a radiant altar of Vehumet.
  5927 | D:5      | Found a basalt altar of Yredelemnul.
  6017 | D:6      | Found Italum's General Store.
  6017 | D:6      | Noticed Edmund
  6024 | D:6      | Killed Edmund
  6029 | D:6      | Reached ***** piety under Trog
  6132 | D:6      | Identified the +8 quarterstaff of Infection {freeze, Str+2
                  | Dex+7}
  6141 | D:6      | Reached skill level 11 in Axes
  6452 | D:7      | Reached skill level 12 in Axes
  6521 | D:8      | Found a glowing silver altar of Zin.
  6530 | D:8      | Noticed a two-headed ogre
  6542 | D:8      | Killed a two-headed ogre
  6543 | D:8      | Reached XP level 10. HP: 90/90 MP: 9/9
  6622 | D:8      | Noticed a two-headed ogre
  6630 | D:8      | Killed a two-headed ogre
  6631 | D:8      | Reached skill level 1 in Shields
  6844 | D:9      | Reached skill level 13 in Axes
  7462 | D:9      | Found a staircase to the Lair.
  7696 | D:9      | Found a shadowy altar of Dithmenos.
  7842 | D:8      | Received a gift from Trog
  7909 | D:8      | Noticed Gastronok
  7921 | D:8      | Killed Gastronok
  7922 | D:8      | Reached skill level 14 in Axes
  7922 | D:8      | Reached skill level 10 in Armour
  8371 | D:7      | Found a staircase to the Ecumenical Temple.
  8379 | Temple   | Entered the Ecumenical Temple
  9047 | D:6      | Found a snail-covered altar of Cheibriados.
  9806 | D:5      | Killed OstrichLN's ghost
  9807 | D:5      | Reached XP level 11. HP: 72/99 MP: 10/10
  9998 | D:1      | Bought a scroll labelled PODGHUF COCH for 27 gold pieces
  9998 | D:1      | Bought 2 scrolls labelled WYSOZO BOMNAG for 54 gold pieces
  9998 | D:1      | Bought a scroll labelled JYMI JIPLAD for 27 gold pieces
  9998 | D:1      | Bought an amethyst potion for 24 gold pieces
  9998 | D:1      | Bought an encrusted ruby ring for 135 gold pieces
 10527 | D:8      | Found a hazy altar of Hepliaklqana.
 10559 | D:8      | Found a sacrificial altar of Ru.
 10622 | D:8      | Found Solekky's Jewellery Boutique.
 10660 | D:8      | Found an ornate altar of the Wu Jian Council.
 10960 | D:10     | Entered Level 10 of the Dungeon
 12074 | D:11     | Noticed Harold
 12090 | D:11     | Reached skill level 10 in Fighting
 12091 | D:11     | HP: 3/99 [Harold/+1 glaive of distortion (2)]
 12092 | D:11     | Noticed a sixfirhy
 12093 | D:11     | Mangled by Harold

Illustrated notes

Levels and vault maps discovered:
D:1:      dpeg_arrival_orchard, layout_loops_ring, serial_shops,
          nicolae_square_shop, kennysheep_nondescript, minmay_pentomino_u2
D:2:      layout_basic, chequers_ecumenical_altar_grove, uniq_sigmund
D:3:      layout_basic, eat_drink_and_be_merry_uskayaw,
          lemuel_coloured_pillars_altar, doesnt_xom_only_xom,
          portal_sewer_entry_b, uniq_robin
D:4:      layout_basic
D:5:      layout_basic, trog_ov_bears_minmay,
          yredelemnul_forgotten_temple_becter, fedhas_ov_isle_minmay,
          vehumet_statue, ebering_ghost_sewer_d, item_on_display_a, uniq_pikel
D:6:      layout_basic, mainiacjoe_overflow_concentric_impassable, slow_altar_2,
          serial_shops, nicolae_stop_n_shop_2, chequers_serial_rivers_micro_e,
          grunt_ministairs_14, chequers_serial_rivers_small_b, uniq_grinder,
          uniq_edmund
D:7:      layout_basic, minmay_temple_entry_wispy, hex_intersection
D:8:      layout_loops_cross, amcnicky_altar_gilded, nicolae_ru_awakened_eye,
          kennysheep_mini_moat, mainiacjoe_overflow_small_starburst,
          serial_shops, nicolae_shop_statue_plus, uniq_gastronok
D:9:      layout_basic, nicolae_dithmenos_shadow_blocks, erik_lair_island
D:10:     layout_gridville, kennysheep_another_room
D:11:     layout_long_grid, zombieorc2_lemuel, ebering_ghost_rock_garden,
          uniq_harold, uniq_fannar
Temple:   nicolae_temple_two_arcs

Skill      XL: |  1  2  3  4  5  6  7  8  9 10 11 |
---------------+----------------------------------+-----
Axes           | 4 5 6 7 8 10 12 14 | 14.7
Fighting       | 4 5 6 7 8 9 10 | 10.0
Armour         | 3 4 5 7 8 10 11 | 11.0
Dodging        | 3 4 |  4.1
Throwing       | 1 |  1.3
Stealth        | 1 |  1.2
Shields        | 2 |  2.6

Action                   |  1- 3 |  4- 6 |  7- 9 | 10-12 || total
-------------------------+-------+-------+-------+-------++-------
Melee: Hand axe          |    74 |   158 |    38 |       ||   270
       Headbutt          |     6 |    34 |    26 |    32 ||    98
       Punch             |     2 |     2 |       |       ||     4
       War axe           |       |       |    22 |       ||    22
       Broad axe         |       |       |   138 |   186 ||   324
       Trident           |       |       |     1 |       ||     1
Throw: Stone             |     1 |       |       |       ||     1
       Dart              |       |     6 |     3 |     1 ||    10
Invok: Berserk           |     3 |       |     2 |     2 ||     7
       Trog's Hand       |     1 |       |     1 |     1 ||     3
  Use: Potion            |       |       |     2 |       ||     2
       Scroll            |       |       |       |     3 ||     3
Armor: Animal skin       |    14 |       |       |       ||    14
       Chain mail        |    16 |    52 |   103 |   112 ||   283
       Plate armour      |       |       |       |     2 ||     2
Dodge: Dodged            |    48 |    70 |   102 |    95 ||   315
Block: Buckler           |       |       |    11 |    34 ||    45

Table legend: (Time is in decaauts)
 A = Elapsed time spent in this place.
 B = Non-inter-level travel time spent in this place.
 C = Inter-level travel time spent in this place.
 D = Time resting spent in this place.
 E = Time spent auto-exploring this place.
 F = Levels seen in this place.
 G = Mean time per level.
                   A        B        C        D        E       F      G
               +--------+--------+--------+--------+--------+-----+--------+
         Total |  12368 |  11415 |    953 |    855 |   7185 |  13 |  951.4 |
       Dungeon |  11506 |  10560 |    946 |    855 |   7054 |  11 | 1046.0 |
        Temple |    144 |    137 |      7 |      0 |    131 |   1 |  144.0 |
         Sewer |    717 |    717 |      0 |      0 |      0 |   1 |  717.0 |
               +--------+--------+--------+--------+--------+-----+--------+

Top non-repeatable levels by time:
     D:8: 1804 daAuts
     D:5: 1741 daAuts
     D:2: 1268 daAuts
     D:1: 1213 daAuts
     D:4: 1146 daAuts
     D:6: 971 daAuts
     D:9: 908 daAuts
     D:3: 877 daAuts
     D:7: 864 daAuts
   Sewer: 717 daAuts
    D:10: 687 daAuts
  Temple: 144 daAuts
    D:11: 22 daAuts
